 Dungeon Crawl Stone Soup version 0.29.0-4-gdea44cf6ec (webtiles) character file.

Game seed: 5611259513355325312

1 qw the Caller (level 1, -2/14 HPs)
             Began as a Ghoul Summoner on Sept 9, 2022.
             Slain by a jackal (3 damage)
             ... on level 1 of the Dungeon.
             The game lasted 00:00:01 (53 turns).

qw the Caller (Ghoul Summoner)                        Turns: 53, Time: 00:00:02

Health: -2/14      AC:  2    Str: 11    XL:     1   Next: 20%
Magic:  0/2        EV: 12    Int: 10    God:
Gold:   12         SH:  0    Dex:  9    Spells: 2/3 levels left

rFire   . . .      SeeInvis .   c - +0 dagger
rCold   + . .      Faith    .   (no shield)
rNeg    + + +      Spirit   .   a - +0 robe
rPois   inf        Reflect  .   (no helmet)
rElec   .          Harm     .   (no cloak)
rCorr   .          Rampage  .   (no gloves)
Will    .....                   (no boots)
Stlth   ++........              (no amulet)
HPRegen 0.00/turn               (no ring)
MPRegen 0.08/turn               (no ring)

@: inhibited regen
A: claws 1, cold resistance 1, negative energy resistance 3, inhibited
regeneration, torment resistance 2, devour on kill
a: no special abilities


You were on level 1 of the Dungeon.
You visited 1 branch of the dungeon, and saw 1 of its levels.

You collected 12 gold pieces.


Innate Abilities, Weirdness & Mutations

You are immune to poison.
You have sharp fingernails.
Your flesh is cold resistant. (rC+)
You are immune to negative energy. (rN+++)
You do not regenerate when monsters are visible.
You are immune to unholy pain and torment.
You thrive by killing the living.


   Skills:
 + Level 0.3 Axes
 - Level 1.7 Dodging
 - Level 2.1 Stealth
 - Level 1.7 Spellcasting
 - Level 3.6 Summonings


You had 2 spell levels left.
You knew the following spells:

 Your Spells              Type           Power      Damage    Failure   Level
a - Summon Small Mammal   Summ           32%        N/A       8%          1

Your spell library contained the following spells:

 Spells                   Type           Power      Damage    Failure   Level
 Call Imp                 Summ           8%         N/A       11%         2
 Call Canine Familiar     Summ           8%         N/A       22%         3
 Summon Guardian Golem    Hex/Summ       4%         N/A       43%         3
 Summon Lightning Spire   Summ/Air       4%         N/A       83%         4

Inventory:

Hand Weapons
 c - a +0 dagger (weapon)
Armour
 a - a +0 robe (worn)
 d - a +2 cloak
Potions
 b - a potion of magic
 e - 2 potions of berserk rage {unknown}

Dungeon Overview and Level Annotations

Branches:
Dungeon (1/15)

Altars:


Message History

Casting: Summon Small Mammal (safe; 8% risk of failure)
Confirm with . or Enter, or press ? or * to list all spells.
The jackal closely misses you. The jackal closely misses your rat.
Your rat splashes around in the water.
46 ||| Stepping ~*~*~tactically~*~*~ (outnumbered).
The jackal attacks as you move away! The jackal bites you.
The jackal bites your rat.
Your rat dies!
Your rat's corpse disappears in a puff of smoke!
Your rat closely misses the jackal.
You hit the jackal.
The jackal is severely wounded.
The jackal bites you. The jackal bites your rat. The jackal misses you.
Your rat bites the jackal.
You completely miss the jackal.
The jackal is severely wounded.
The jackal splashes around in the water.
The jackal barely misses your rat. The jackal barely misses you.
The jackal bites you.
Your rat barely misses the jackal.
You hit the jackal but do no damage.
The jackal is severely wounded.
The jackal bites your rat.
Your rat dies!
Your rat's corpse disappears in a puff of smoke!
The jackal bites you.
The jackal splashes around in the water.
You hit the jackal but do no damage.
The jackal is severely wounded.
The jackal bites you. The jackal barely misses you. The jackal bites you.
The jackal misses you.
You completely miss the jackal.
The jackal is severely wounded.
The jackal misses you. The jackal bites you. The jackal barely misses you.
You hit the jackal.
You kill the jackal!
The jackal closely misses you. The jackal bites you.
You barely miss the jackal.
The jackal is severely wounded.
The jackal bites you. x4
You die...

#.....¤......#
#~~¤~¤¤.~~¤~~#
#¤~~¤¤..~~~~¤#
#...¤........#
######''######
#~~~~~..~~~~~#
#~..........~#
#~.########.~#
#~...@h.....~#
#~~~~hh.~~~~~#
######''######
.8....8..
~~~~~..~~~~~~
.........######
###..##### ..#
###


You could see 3 jackals.

Vanquished Creatures
  A jackal (D:1)
1 creature vanquished.

Notes
Turn   | Place    | Note
-------+----------+-------------------------------------------
     0 | D:1      | qw the Ghoul Summoner began the quest for the Orb.
     0 | D:1      | Reached XP level 1. HP: 14/14 MP: 2/2
     0 | D:1      | 0 ||| qw: Version: 0.1-a-113-g051387a
     0 | D:1      | 0 ||| qw: Game counter: 7327
     0 | D:1      | 0 ||| qw: Always use a shield: true
     0 | D:1      | 0 ||| qw: God list: Okawaru
     0 | D:1      | 0 ||| qw: Allow faded altars: false
     0 | D:1      | 0 ||| qw: Do Orc after D:15 true
     0 | D:1      | 0 ||| qw: Do second Lair branch before Depths: true
     0 | D:1      | 0 ||| qw: Lair rune preference: random
     0 | D:1      | 0 ||| qw: Plans: Normal
     0 | D:1      | 0 ||| PLANNING D:1-11
     4 | D:1      | 4 ||| Wielding weapon +0 dagger.
    44 | D:1      | 44 ||| CASTING Summon Small Mammal
    45 | D:1      | 45 ||| CASTING Summon Small Mammal
    46 | D:1      | 46 ||| Stepping ~*~*~tactically~*~*~ (outnumbered).
    53 | D:1      | HP: 1/14 [jackal (3)]
    53 | D:1      | Slain by a jackal

Levels and vault maps discovered:
D:1:      lightli_arrival_isolated_outpost, layout_basic,
          corexii_leaking_fountain, minmay_pentomino_s2

Action                   || total
-------------------------++-------
Melee: Dagger            ||     7
 Cast: Summon Small Mamm ||     2
Dodge: Dodged            ||     8

Table legend:
 A = Non-vault XP
 B = Vault XP
 C = Vault XP percentage of total XP
 D = Non-vault monster count
 E = Vault monster count
 F = Vault count percentage of total count
                 A         B        C        D         E       F
            +---------+---------+-------+---------+---------+-------
      Total |       2 |       0 |   0.0 |       1 |       0 |   0.0
            +---------+---------+-------+---------+---------+-------
        D:1 |       2 |       0 |   0.0 |       1 |       0 |   0.0
            +---------+---------+-------+---------+---------+-------
